 Dungeon Crawl Stone Soup version 0.31-a0-1074-g0b22e4e0f1 (webtiles) character file.

Game seed: 2565008141653614957

841 javelincjr the Changeling (level 7, -3/67 HPs)
             Began as a Troll Shapeshifter on Dec 4, 2023.
             Slain by Pikel
             ... wielding a +1 whip of flaming
              (9 damage)
             ... on level 4 of the Dungeon.
             The game lasted 00:08:37 (2863 turns).

javelincjr the Changeling (Troll Shapeshifter)      Turns: 2863, Time: 00:08:37

Health: -3/67      AC:  6    Str: 24    XL:     7   Next: 67%
Magic:  6/6        EV:  8    Int:  5    God:
Gold:   80         SH:  0    Dex: 13    Spells: 6/6 levels left

rFire   + . .        x - +9 club
rCold   . . .        (no shield)
rNeg    . . .        a - +2 animal skin
rPois   .            (helmet currently unavailable)
rElec   .            (cloak currently unavailable)
rCorr   .            (gloves unavailable)
SInv    .            (boots unavailable)
Will    .....        (no amulet)
Stlth   +            g - ring of protection from fire
HPRegen 1.11/turn    (no ring)
MPRegen 0.10/turn

%: no passive effects
@: beast-form, grasped by roots, constricted
A: beast (slay +3), large, unfitting armour, claws 3, regeneration 1, shaggy fur
1, tough skin 1, agile 1
a: Begin Untransformation


You were on level 4 of the Dungeon.
You were a hulking beast.
You visited 1 branch of the dungeon, and saw 4 of its levels.

You collected 101 gold pieces.
You spent 21 gold pieces at shops.

Inventory:

Hand Weapons
 f - a +2 dagger of venom
 r - a +4 short sword of speed
 x - a +9 club (weapon)
Armour
 a - a +2 animal skin (worn)
 i - a +1 robe of cold resistance
Jewellery
 g - a ring of protection from fire (left claw)
Talismans
 c - a beast talisman
 d - a flux talisman
Wands
 w - a wand of light (5)
 y - a wand of flame (12)
Scrolls
 h - a scroll of noise
 j - 2 scrolls of teleportation {unknown}
 p - 3 scrolls of butterflies {unknown}
 q - a scroll of brand weapon {unknown}
 s - a scroll of fog {unknown}
 t - a scroll of fear {unknown}
 u - a scroll of amnesia {unknown}
 v - a scroll of immolation {unknown}
Potions
 b - a potion of lignification
 e - a potion of brilliance
 k - 2 potions of heal wounds
 l - a potion of curing {unknown}
 m - a potion of experience {unknown}
 n - a potion of cancellation {unknown}
 o - a potion of might {unknown}


   Skills:
 + Level 3.1 Fighting
 + Level 3.5 Dodging
 + Level 4.8 Unarmed Combat
 * Level 5.8 Shapeshifting


You had 6 spell levels left.
You didn't know any spells.
Your spell library contained the following spells:

 Spells                   Type           Power      Damage    Failure   Level
 Sandblast                Erth           0%         2d4       47%         1
 Ensorcelled Hibernation  Hex/Ice        0%         N/A       63%         2
 Passwall                 Tmut/Erth      0%         N/A       63%         2
 Stone Arrow              Conj/Erth      0%         3d7       85%         3
 Swiftness                Air            0%         N/A       85%         3
 Brom's Barrelling Bould  Conj/Erth      0%         2d3       99%         4


Dungeon Overview and Level Annotations

Branches:
Dungeon (4/15)
 Temple: D:4-7

Altars:
Yredelemnul

Shops:
D:2 [*([*

Annotations:
D:4 Pikel


Innate Abilities, Weirdness & Mutations

You are a hulking beast.
Your limbs bulge with bestial killing power. (Slay +3)
You are too large for most types of armour.
You have claws for hands.
Your natural rate of healing is unusually fast.
You are covered in fur. (AC +1)
You have tough skin. (AC +1)
You are agile. (Dex +4, Str/Int -1)


Message History

You sock Pikel!
Pikel is severely wounded.
Pikel hits you with a +1 whip of flaming.
The grasping roots constrict you!
The grasping roots release their grip on you.
You sock Pikel!
Pikel is almost dead.
Pikel hits you with a +1 whip of flaming.
Pikel burns you.
You closely miss Pikel.
Pikel is almost dead.
Pikel misses you.
Pikel hits you with a +1 whip of flaming!
Pikel burns you.
You are too injured to fight recklessly!
You are too injured to fight recklessly!
You closely miss Pikel. Your claw misses Pikel.
Pikel is almost dead.
Pikel hits you with a +1 whip of flaming!
Pikel burns you.
* * * LOW HITPOINT WARNING * * *
You hit Pikel.
Pikel is almost dead.
Pikel zaps a wand.
The roots erupt in riotous growth!
The grasping roots grab you!
Pikel is unaffected.
The grasping roots constrict you.
* * * LOW HITPOINT WARNING * * *
You closely miss Pikel.
Pikel is almost dead.
Pikel hits you with a +1 whip of flaming.
* * * LOW HITPOINT WARNING * * *
Pikel burns you.
* * * LOW HITPOINT WARNING * * *
The grasping roots constrict you!
* * * LOW HITPOINT WARNING * * *
You hit Pikel.
Pikel is almost dead.
Pikel hits you with a +1 whip of flaming!
You die...
Pikel says, "See you in Hell!"

#.# #5# #B#
#5# #5# #####
#5# #...######
#K#
#.<.#....###h#
#...#..†.....#
#...####.#####
###...####.#
+...8...'..#
##.....###.#
###†).## ..#
#.##.## ####
#.##'#


You could see Pikel, 4 lemures and a giant cockroach.

Vanquished Creatures
  Grinder (D:4)
  Sigmund (D:2)
  Eustachio (D:4)
  The ghost of backslashecho the Chopper, an amateur HuWr (D:3)
  A hound (D:4)
  Ijyb (D:4)
  Natasha (twice) (D:3)
  Robin (D:3)
  2 adders
  A dart slug (D:2)
  6 orcs
  5 ball pythons
  2 endoplasms
  A giant cockroach (D:3)
  14 goblins
  10 hobgoblins
  7 jackals (D:1)
  5 quokkas
  7 bats
  2 frilled lizards
  6 kobolds
  3 rats
80 creatures vanquished.

Notes
Turn   | Place    | Note
-------+----------+-------------------------------------------
     0 | D:1      | javelincjr the Troll Shapeshifter began the quest for the
                  | Orb.
     0 | D:1      | Reached XP level 1. HP: 18/18 MP: 0/0
   295 | D:1      | Reached skill level 1 in Fighting
   379 | D:1      | Reached XP level 2. HP: 26/27 MP: 1/1
   898 | D:2      | Found Emittem's Assorted Antiques.
   901 | D:2      | Gained mutation: You are agile. (Dex +4, Str/Int -1)
                  | [potion of mutation]
   937 | D:2      | Found a transporter.
   940 | D:2      | Found Apael's Assorted Antiques.
   957 | D:2      | Noticed Sigmund
   971 | D:2      | Reached XP level 3. HP: 26/33 MP: 2/2
   974 | D:2      | Killed Sigmund
   975 | D:2      | Reached skill level 4 in Shapeshifting
   975 | D:2      | Reached XP level 4. HP: 20/42 MP: 3/3
   975 | D:2      | Reached XP level 5. HP: 23/49 MP: 4/4
  1041 | D:2      | Found a transporter.
  1132 | D:2      | Bought a bubbling orange potion for 21 gold pieces
  1160 | D:2      | Found Amanuus's Weapon Shoppe.
  1298 | D:2      | Found Esaus's Antique Armour Shop.
  1474 | D:2      | Found Qosipta's Antique Armour Boutique.
  1700 | D:3      | Noticed Natasha
  1705 | D:3      | Killed Natasha
  1914 | D:3      | Found a runed translucent gate.
  1918 | D:3      | Found a runed translucent gate.
  1918 | D:3      | Found a runed translucent gate.
  1918 | D:3      | Noticed backslashecho's ghost (amateur HuWr)
  1921 | D:3      | Noticed Natasha
  1931 | D:3      | Killed Natasha
  1949 | D:3      | Reached XP level 6. HP: 54/57 MP: 5/5
  1998 | D:3      | Noticed Robin
  2015 | D:3      | Killed Robin
  2052 | D:3      | Found a basalt altar of Yredelemnul.
  2397 | D:3      | Killed backslashecho's ghost
  2398 | D:3      | Reached skill level 5 in Shapeshifting
  2525 | D:4      | Noticed Ijyb
  2535 | D:4      | Killed Ijyb
  2616 | D:4      | Noticed Grinder
  2621 | D:4      | Paralysed by Grinder for 4 turns
  2629 | D:4      | Paralysed by Grinder for 3 turns
  2632 | D:4      | Killed Grinder
  2633 | D:4      | Reached XP level 7. HP: 56/66 MP: 6/6
  2685 | D:4      | Noticed Eustachio
  2699 | D:4      | Killed Eustachio
  2848 | D:4      | Noticed Pikel
  2863 | D:4      | Slain by Pikel

Illustrated notes

Levels and vault maps discovered:
D:1:      roderic_octagonal_star, layout_loops_corners
D:2:      layout_basic, serial_shops, nicolae_shop_bloodbath_and_beyond,
          nicolae_shop_drivethru, shop, shop, nicolae_shop_hallway_stairs,
          chequers_serial_rivers_large_a, uniq_sigmund
D:3:      layout_loops_ring, mainiacjoe_overflow_catwalk, gammafunk_ghost_split,
          uniq_robin, uniq_natasha
D:4:      layout_loops_corners, nicolae_uskayaw_en_pointe, temple_hall,
          hellmonk_ghost_happy_afterlife, chequers_serial_rivers_micro_d,
          reono_crystal_passage, grunt_ministairs_14, uniq_eustachio,
          uniq_pikel, uniq_grinder, uniq_ijyb

Skill      XL: |  1  2  3  4  5  6  7 |
---------------+----------------------+-----
Fighting       | 1 2 3 |  3.1
Dodging        | 2 3 |  3.5
Shapeshifting  | 4 5 |  5.8
Unarmed Combat | 4 |  4.8

Action                     |  1- 3 |  4- 6 |  7- 9 || total
---------------------------+-------+-------+-------++-------
  Melee: Unarmed           |    41 |       |       ||    41
         Dagger            |     7 |   143 |       ||   150
         Club              |       |    10 |    29 ||    39
         Punch             |       |     2 |     2 ||     4
    Use: Scroll            |     7 |       |     1 ||     8
         Potion            |     1 |       |       ||     1
   Stab: Sleeping          |       |     1 |       ||     1
 Armour: Animal skin       |    32 |    94 |    26 ||   152
  Dodge: Dodged            |    25 |    74 |    10 ||   109

Table legend: (Time is in decaauts)
 A = Elapsed time spent in this place.
 B = Non-inter-level travel time spent in this place.
 C = Inter-level travel time spent in this place.
 D = Time resting spent in this place.
 E = Time spent auto-exploring this place.
 F = Levels seen in this place.
 G = Mean time per level.
                   A        B        C        D        E       F      G
               +--------+--------+--------+--------+--------+-----+--------+
         Total |   2869 |   2726 |    143 |      0 |   2182 |   4 |  717.2 |
       Dungeon |   2869 |   2726 |    143 |      0 |   2182 |   4 |  717.2 |
               +--------+--------+--------+--------+--------+-----+--------+

Top non-repeatable levels by time:
     D:1: 882 daAuts
     D:3: 793 daAuts
     D:2: 788 daAuts
     D:4: 404 daAuts
